 Dungeon Crawl Stone Soup version 0.30-a0-824-g6c64550be9 (webtiles) character file.

Game seed: 16490750637832716654

285 Pimp the Sneak (level 6, 0/41 HPs)
             Began as an Octopode Brigand on Feb 27, 2023.
             Was an Initiate of Okawaru.
             Slain by an ice beast (11 damage)
             ... on level 4 of the Dungeon.
             The game lasted 00:08:02 (3750 turns).

Pimp the Sneak (Octopode Brigand)                   Turns: 3750, Time: 00:08:02

Health: 0/41       AC:  1    Str: 11    XL:     6   Next: 29%
Magic:  0/8        EV: 13    Int: 13    God:    Okawaru [......]
Gold:   316        SH:  0    Dex: 15    Spells: 7/8 levels left

rFire   . . .      SeeInvis .    a - +3 dagger
rCold   . . .      Faith    .    (no shield)
rNeg    . . .      Spirit   +    (helmet restricted)
rPois   .          Reflect  .    f - amulet of guardian spirit
rElec   .          Harm     .    (no ring)
rCorr   .          Rampage  .    (no ring)
Will    .....                    (no ring)
Stlth   ++++                     (no ring)
HPRegen 0.26/turn                (no ring)
MPRegen 0.11/turn                (no ring)
                                 (no ring)
                                 (no ring)

@: hasted, very quick
A: almost no armour, amphibious, 8 rings, camouflage 1, gelatinous body 1,
(nimble swimmer 1), tentacles
a: Renounce Religion


You were on level 4 of the Dungeon.
You worshipped Okawaru.
Okawaru was noncommittal.
You visited 2 branches of the dungeon, and saw 5 of its levels.

You collected 316 gold pieces.

Inventory:

Hand Weapons
 a - a +3 dagger (weapon)
Missiles
 b - 12 poisoned darts (quivered)
 c - 3 curare-tipped darts
 h - 6 javelins
 l - a throwing net
Jewellery
 f - an amulet of guardian spirit (around mantle)
Wands
 d - a wand of flame (24)
Scrolls
 e - 2 scrolls of identify
 j - a scroll of vulnerability
 o - 2 scrolls of immolation
 p - a scroll of amnesia
 q - a scroll of teleportation
Potions
 i - 2 potions of mutation {unknown}
 k - a potion of attraction {unknown}
 m - 2 potions of flight {unknown}
 n - a potion of heal wounds {unknown}
 r - 2 potions of lignification {unknown}


   Skills:
 + Level 2.9 Fighting
 + Level 3.1 Short Blades
 + Level 3.0 Throwing
 + Level 2.4 Dodging
 + Level 6.2 Stealth
 + Level 1.6 Spellcasting
 + Level 1.8 Conjurations


You had 7 spell levels left.
You knew the following spells:

 Your Spells              Type           Power      Damage    Failure   Level
a - Magic Dart            Conj           20%        1d4       12%         1

Your spell library contained the following spells:

 Spells                   Type           Power      Damage    Failure   Level
 Searing Ray              Conj           10%        2d4       19%         2
 Fulminant Prism          Conj/Hex       1%         3d5       87%         4


Dungeon Overview and Level Annotations

Branches:
Dungeon (4/15)             Temple (1/1) D:4

Altars:
Cheibriados
Elyvilon
Gozag
Kikubaaqudgha
Nemelex Xobeh
Okawaru
Ru
Trog
Uskayaw
Vehumet
Wu Jian
Yredelemnul
The Shining One

Annotations:
D:3 3 runed translucent doors, cforsyth's ghost, amateur KoBr


Innate Abilities, Weirdness & Mutations

You cannot wear most types of armour.
You are amphibious.
You can wear up to eight rings at the same time.
Your skin changes colour to match your surroundings (Stealth+).
Your rubbery body absorbs attacks. (AC +1, EV +1)
((You are camouflaged when in or above water. (Stealth+)))
You have tentacles for arms and can constrict up to eight enemies at once.


Message History

Okawaru accepts your kill.
You hear a splash. x2
The ice beast misses you.
You hit the ice beast but do no damage. You squeeze the ice beast.
The ice beast is moderately wounded.
The ice beast closely misses you.
You hit the ice beast.
The ice beast is moderately wounded.
The ice beast hits you. The ice beast freezes you.
You hit the ice beast. You squeeze the ice beast!
The ice beast is severely wounded.
The ice beast closely misses you.
You hit the ice beast but do no damage. Your squeeze misses the ice beast.
The ice beast is severely wounded.
The ice beast hits you. The ice beast freezes you!
You closely miss the ice beast.
You squeeze the ice beast, but do no damage.
The ice beast is severely wounded.
The ice beast hits you. The ice beast freezes you!
* * * LOW HITPOINT WARNING * * *
You hit the ice beast.
The ice beast is severely wounded.
Okay, then.
You feel yourself speed up.
The ice beast hits you but does no damage.
You closely miss the ice beast.
The ice beast is severely wounded.
The ice beast barely misses you.
You hit the ice beast.
Your tentacle-slap misses the ice beast.
The ice beast is almost dead.
The ice beast closely misses you.
You barely miss the ice beast.
The ice beast is almost dead.
You hit the ice beast but do no damage. You squeeze the ice beast.
The ice beast is almost dead.
The ice beast hits you.
* * * LOW HITPOINT WARNING * * *
The ice beast freezes you!
You die...

#.# #.# #.#
#.# ###.#
#...# ##.###
#..#######
#.@.§~§..#
##.Y~§§~~.#
#..§)§~§~~##
#.#§§~>~§§.#
#.#~~~~~~~.#
#.#.~§§~~..#
#.#..~§§...#
#.#.##.....#
#.#....#####


You could see an ice beast.

Vanquished Creatures
  A scorpion (D:4)
  A hound (D:4)
  An iguana (D:4)
  4 adders
  3 gnolls (D:2)
  3 worms
  2 dart slugs
  4 orcs
  7 ball pythons
  4 bats
  6 endoplasms
  8 giant cockroaches
  6 goblins
  5 hobgoblins
  3 jackals (D:2)
  13 kobolds
  7 quokkas
  3 frilled lizards
  6 rats
87 creatures vanquished.

Notes
Turn   | Place    | Note
-------+----------+-------------------------------------------
     0 | D:1      | Pimp the Octopode Brigand began the quest for the Orb.
     0 | D:1      | Reached XP level 1. HP: 14/14 MP: 1/1
    67 | D:1      | Reached XP level 2. HP: 15/19 MP: 2/2
    69 | D:1      | Learned a level 1 spell: Magic Dart
   528 | D:1      | Found a faded altar of an unknown god.
   720 | D:2      | Reached XP level 3. HP: 14/24 MP: 3/3
   984 | D:2      | Reached XP level 4. HP: 30/30 MP: 3/5
  1021 | D:2      | Reached skill level 1 in Conjurations
  1260 | D:2      | Reached skill level 1 in Spellcasting
  1568 | D:2      | Reached XP level 5. HP: 21/35 MP: 3/6
  2352 | D:3      | Found a runed translucent gate.
  2361 | D:3      | Found a runed translucent gate.
  2362 | D:3      | Found a runed translucent gate.
  2362 | D:3      | Found an opulent altar of Gozag.
  2363 | D:3      | Noticed cforsyth's ghost (amateur KoBr)
  2549 | D:3      | Found a bloodstained altar of Trog.
  2656 | D:3      | Found a snail-covered altar of Cheibriados.
  2656 | D:3      | Found a glowing golden altar of the Shining One.
  3432 | D:4      | Reached skill level 6 in Stealth
  3628 | D:4      | Reached XP level 6. HP: 41/41 MP: 8/8
  3667 | D:4      | Found a staircase to the Ecumenical Temple.
  3672 | D:4      | Noticed an ice beast
  3679 | Temple   | Entered the Ecumenical Temple
  3722 | Temple   | Became a worshipper of Warmaster Okawaru
  3750 | D:4      | Slain by an ice beast

Illustrated notes

Levels and vault maps discovered:
D:1:      spicycebolla_arrival_xxxplode, layout_basic,
          shapermc_ecumenical_altar_mp_highgroup
D:2:      minmay_chambers_of_twos, layout_basic, bh_walls_and_bars
D:3:      minmay_chambers_of_threes, layout_basic, trog_hazing_becter,
          gammafunk_temple_overflow_wave, ebering_ghost_gozag
D:4:      layout_basic, mainiacjoe_overflow_alcove_4, minmay_temple_entry_mist,
          hangedman_abyss_or_decor_stagger
Temple:   nicolae_temple_ecumenical_triangle

Skill      XL: |  1  2  3  4  5  6 |
---------------+-------------------+-----
Conjurations   | 1 |  1.8
Spellcasting   | 1 |  1.6
Dodging        | 2 |  2.4
Stealth        | 6 |  6.2
Short Blades   | 3 |  3.1
Throwing       | 3 |  3.0
Fighting       | |  2.9

Action                     |  1- 3 |  4- 6 || total
---------------------------+-------+-------++-------
  Melee: Dagger            |    54 |   139 ||   193
         Constrict         |    12 |    27 ||    39
         Tentacles         |     8 |    32 ||    40
         Punch             |       |     1 ||     1
  Throw: Dart              |       |     1 ||     1
    Use: Scroll            |       |     9 ||     9
         Potion            |       |     2 ||     2
   Stab: Sleeping          |    10 |    18 ||    28
 Armour: Skin              |     8 |    14 ||    22
  Dodge: Dodged            |    33 |   106 ||   139

Table legend: (Time is in decaauts)
 A = Elapsed time spent in this place.
 B = Non-inter-level travel time spent in this place.
 C = Inter-level travel time spent in this place.
 D = Time resting spent in this place.
 E = Time spent auto-exploring this place.
 F = Levels seen in this place.
 G = Mean time per level.
                   A        B        C        D        E       F      G
               +--------+--------+--------+--------+--------+-----+--------+
         Total |   3704 |   3607 |     97 |    575 |   2240 |   5 |  740.8 |
       Dungeon |   3651 |   3568 |     83 |    575 |   2209 |   4 |  912.8 |
        Temple |     52 |     38 |     14 |      0 |     31 |   1 |   52.0 |
               +--------+--------+--------+--------+--------+-----+--------+

Top non-repeatable levels by time:
     D:3: 1621 daAuts
     D:2: 943 daAuts
     D:1: 668 daAuts
     D:4: 418 daAuts
  Temple: 52 daAuts
